Map: 월드 오브 슬리퍼스 - 래더

Players

INnoVation - Winner!

  • Race: Terran Terran
  • League: Grandmaster
  • Spawn Location: 1:00

Dream

  • Race: Terran Terran
  • League: Grandmaster
  • Spawn Location: 7:00

VOD

Have the link to the VOD?

Description

Time

  • Played on: Jan. 15, 2020, 6:12 a.m.
  • Length: 17:15
Show
View Real Time Build Order
Export as new Build Order

INnoVation Terran - Winner!

Build Orders: Gas First Reaper Expand, Mech, Banshee Rush 

Get SALT Encoding   

  12  0:00  SCV  
  13  0:12  SCV  
  14  0:17  Supply Depot  
  14  0:24  SCV  
  14  0:27  Refinery  
  15  0:38  SCV  
  16  0:44  Barracks  
  16  0:50  SCV  
  17  1:02  SCV  
  18  1:15  SCV  
  19  1:30  Orbital Command  
  19  1:31  Reaper  
  20  1:47  Command Center  
  20  1:55  Factory  
  20  1:59  SCV  
  21  2:05  Reaper  
  22  2:09  Supply Depot  
  22  2:14  Refinery  
  22  2:18  SCV  
  23  2:31  SCV  
  24  2:37  Marine  
  24  2:39  Hellion  
  24  2:40  Starport  
  24  2:43  SCV  
  28  2:58  Barracks Tech Lab  
  28  2:59  SCV  
  28  3:01  Orbital Command  
  28  3:03  Factory Tech Lab  
  29  3:11  SCV  
  30  3:19  Orbital Command  
  30  3:23  SCV  
  31  3:29  Cloaking Field  
  31  3:30  Banshee  
  34  3:35  SCV, Refinery  
  35  3:46  SCV  
  35  3:47  SCV  
  37  3:50  Cyclone  
  40  3:57  Supply Depot  
  40  3:58  SCV  
  40  3:59  SCV  
  42  4:10  SCV  
  42  4:11  SCV  
  44  4:19  Banshee  
  44  4:21  Supply Depot  
  44  4:22  SCV, Cyclone  
  44  4:23  SCV  
  52  4:26  Supply Depot  
  52  4:34  SCV, Mag-Field Accelerator  
  52  4:36  SCV  
  52  4:41  Command Center  
  52  4:48  SCV x2  
  54  4:54  Cyclone  
  54  4:56  Supply Depot  
  57  5:00  SCV x2, Refinery  
  57  5:03  Banshee  
  62  5:08  Supply Depot  
  62  5:12  SCV x2  
  64  5:24  SCV x2  
  64  5:26  Factory  
  66  5:31  Barracks Reactor  
  66  5:34  Siege Tank  
  68  5:36  SCV x2  
  68  5:40  Supply Depot  
  69  5:48  SCV x2  
  68  5:55  Orbital Command  
  67  6:00  SCV x2  
  69  6:06  Refinery  
  69  6:08  Siege Tank  
  69  6:09  Refinery  
  72  6:12  SCV x2  
  72  6:13  Starport Reactor  
  74  6:21  Armory x2, Orbital Command  
  74  6:24  SCV  
  74  6:25  SCV  
  73  6:26  Factory  
  73  6:34  Hellion x2  
  73  6:36  SCV  
  73  6:37  SCV  
  79  6:40  Siege Tank  
  81  6:48  SCV  
  81  6:49  SCV  
  81  6:51  SCV  
  83  6:55  Viking x2, Hellion x2  
  83  7:01  SCV x2  
  93  7:06  SCV  
  94  7:11  Supply Depot x2  
  94  7:12  Terran Vehicle And Ship Armor Level 1, Terran Vehicle Weapons Level 1  
  94  7:13  SCV x2  
  94  7:15  Siege Tank  
  99  7:16  Hellion  
  99  7:21  Engineering Bay  
  101  7:25  SCV x3  
  101  7:28  Viking x2  
  108  7:33  Supply Depot  
  108  7:35  Supply Depot  
  108  7:39  Siege Tank  
  108  7:40  Supply Depot  
  108  7:43  SCV x3  
  114  7:47  Siege Tank  
  114  7:49  Supply Depot  
  117  7:53  Infernal Pre-Igniter  
  117  7:54  Hellion  
  117  7:55  Hellion  
  119  7:59  SCV x2  
  119  8:00  SCV  
  119  8:03  Viking x2  
  122  8:12  Command Center  
  116  8:22  SCV x3  
  119  8:27  Siege Tank x2  
  119  8:28  Hellion x2  
  129  8:34  Viking x2  
  129  8:39  Barracks Reactor  
  129  8:40  Factory  
  129  8:41  Factory  
  133  8:44  SCV x3  
  133  8:47  Command Center  
  136  8:48  Supply Depot  
  136  8:49  Supply Depot  
  136  8:50  Missile Turret  
  136  8:59  Sensor Tower  
  136  9:01  Siege Tank  
  139  9:03  Hellion x2, Siege Tank  
  146  9:11  Missile Turret x2, Supply Depot  
  146  9:15  Sensor Tower  
  146  9:17  Medivac  
  146  9:19  SCV  
  146  9:20  SCV x2  
  146  9:21  Medivac  
  151  9:26  Factory Tech Lab  
  151  9:32  SCV x3  
  154  9:39  Siege Tank x2  
  154  9:40  Hellion x3  
  164  9:46  SCV x3  
  165  10:00  SCV x3, Refinery  
  165  10:02  Medivac  
  165  10:03  Refinery  
  165  10:05  Terran Vehicle Weapons Level 2  
  170  10:09  Terran Vehicle And Ship Armor Level 2  
  170  10:12  SCV x3  
  173  10:16  Siege Tank  
  173  10:20  Missile Turret  
  176  10:21  Missile Turret  
  176  10:27  SCV  
  176  10:28  SCV x2  
  178  10:29  Planetary Fortress  
  178  10:33  Missile Turret  
  178  10:35  Sensor Tower  
  178  10:37  Hellion x3, Siege Tank  
  178  10:38  Hellion  
  178  10:42  Medivac  
  191  10:49  Medivac  
  193  10:52  Command Center  
  193  10:54  Siege Tank  
  196  11:01  Missile Turret x2  
  196  11:03  Siege Tank  
  199  11:08  Smart Servos  
  199  11:18  Refinery, Command Center  
  193  11:24  Siege Tank  
  176  11:26  Hellion x2, Siege Tank  
  176  11:27  Hellion x2  
  172  11:45  SCV  
  172  11:46  SCV x2  
  170  11:49  Command Center  
  170  11:51  Siege Tank  
  170  11:53  Hellion  
  175  11:56  Siege Tank  
  175  11:57  Hellion  
  175  11:59  Command Center  
  180  12:04  Hellion x2, Siege Tank  
  180  12:05  Planetary Fortress  
  180  12:06  SCV x2  
  180  12:07  SCV  
  181  12:23  Siege Tank  
  181  12:26  Hellion x3  
  181  12:28  Siege Tank  
  187  12:36  Siege Tank  
  187  12:37  Terran Vehicle Weapons Level 3, Terran Vehicle And Ship Armor Level 3, Liberator  
  190  12:42  Hellion  
  190  12:47  Hellion  
  192  12:52  Hellion x2  
  199  13:01  Liberator  
  197  13:16  Hellion, Siege Tank x3  
  197  13:19  Liberator  
  169  13:30  Orbital Command  
  169  13:34  Hellion x3  
  175  13:38  Hellion  
  180  13:44  Factory, Liberator  
  180  13:45  Factory x2  
  180  13:48  Siege Tank x3  
  159  14:00  Hellion x3  
  159  14:01  Hellion  
  159  14:02  Planetary Fortress  
  161  14:03  SCV x4  
  161  14:04  SCV  
  166  14:17  SCV x3  
  166  14:20  Siege Tank x3  
  166  14:21  Hellion  
  166  14:23  Hellion x3  
  186  14:27  SCV x2, Liberator x2  
  186  14:29  SCV x2, Sensor Tower, Refinery  
  190  14:31  Factory Tech Lab  
  190  14:32  Factory Reactor, Factory Tech Lab  
  190  14:33  Refinery  
  190  14:43  Hellion  
  194  14:46  Hellion  
  194  14:47  Hellion  
  194  14:49  Hellion  
  194  14:50  Hellion  
  194  14:51  SCV x2  
  195  15:00  SCV x3  
  195  15:03  Refinery  
  195  15:05  Siege Tank  
  195  15:06  Siege Tank x3  
  200  15:10  Neosteel Armor  
  200  15:26  Command Center  
  198  15:29  Hellion  
  198  15:33  Hellion x2  
  200  15:40  Siege Tank  
  200  15:42  Siege Tank  
  197  15:44  Siege Tank  
  197  15:45  Hellion  
  197  15:48  Siege Tank  
  200  15:50  Missile Turret, Viking  
  200  15:56  SCV  
  195  15:57  SCV x4  
  195  15:58  Siege Tank  
  195  16:01  Hellion x3  
  195  16:02  Hellion  
  195  16:03  Viking  
  195  16:12  Siege Tank  
  192  16:22  Supply Depot  
  188  16:35  Supply Depot  
  188  16:38  Supply Depot  
  188  16:45  Hellion  
  188  16:46  SCV x2  
  186  16:49  Hellion  
  200  17:09  Command Center  
Show
View Real Time Build Order
Export as new Build Order

Dream Terran 

Build Orders:  

Get SALT Encoding   

  12  0:00  SCV  
  13  0:13  SCV  
  14  0:16  Supply Depot  
  14  0:25  SCV  
  15  0:38  SCV  
  15  0:39  Barracks  
  16  0:44  Refinery  
  16  0:50  SCV  
  17  0:58  Barracks  
  17  1:02  SCV  
  18  1:15  SCV  
  19  1:27  Reaper  
  19  1:28  Orbital Command  
  19  1:32  Supply Depot  
  20  1:46  Reaper  
  21  1:53  SCV  
  22  2:04  Reaper  
  22  2:06  SCV  
  24  2:13  Command Center  
  24  2:18  SCV  
  25  2:23  Refinery  
  25  2:30  Marine, SCV  
  25  2:36  Marine  
  28  2:40  Factory  
  28  2:42  SCV  
  29  2:46  Supply Depot  
  29  2:54  SCV  
  29  3:02  Marine  
  30  3:05  Marine  
  30  3:07  SCV  
  31  3:19  SCV  
  32  3:22  Marine  
  32  3:23  Marine  
  32  3:26  Starport  
  32  3:27  Factory Tech Lab, Orbital Command  
  34  3:31  SCV  
  35  3:41  Marine x2  
  36  3:44  SCV  
  36  3:45  Cyclone  
  41  3:54  SCV  
  42  3:56  SCV  
  43  4:04  Starport Tech Lab  
  43  4:06  SCV  
  43  4:15  SCV  
  43  4:16  Command Center  
  43  4:18  SCV  
  43  4:21  Barracks Tech Lab  
  43  4:22  Raven  
  46  4:27  SCV  
  46  4:31  SCV  
  46  4:35  Siege Tank  
  49  4:39  SCV  
  49  4:43  SCV  
  49  4:44  Supply Depot  
  51  4:45  Refinery  
  51  4:47  Refinery  
  51  4:51  SCV  
  52  4:53  Stimpack  
  52  4:55  Marine x2  
  52  4:59  Supply Depot  
  54  5:06  SCV x2, Supply Depot  
  56  5:17  Barracks  
  56  5:18  SCV x2, Starport Reactor  
  56  5:19  Marine  
  56  5:20  Barracks Reactor  
  59  5:23  Siege Tank  
  62  5:30  SCV  
  62  5:34  SCV  
  63  5:36  Orbital Command  
  63  5:37  Marine  
  63  5:42  Engineering Bay x2  
  63  5:46  SCV x2  
  61  5:55  Marine  
  58  5:58  SCV  
  58  6:03  SCV x2  
  60  6:06  Marine x2  
  60  6:11  Viking  
  60  6:12  Terran Infantry Weapons Level 1  
  60  6:15  SCV  
  60  6:17  SCV  
  57  6:20  SCV  
  57  6:29  SCV x2  
  57  6:32  SCV  
  60  6:33  Terran Infantry Armor Level 1  
  60  6:41  SCV  
  60  6:42  Marine x2  
  60  6:44  Medivac  
  65  6:47  Medivac  
  65  6:49  SCV x2  
  65  6:53  SCV  
  69  6:55  Siege Tank  
  69  7:01  SCV x2  
  73  7:04  Combat Shield  
  73  7:05  SCV, Marine  
  73  7:06  Marine  
  77  7:11  Marauder x2  
  77  7:14  Supply Depot  
  82  7:18  SCV x2  
  83  7:26  Missile Turret, Supply Depot, Orbital Command  
  83  7:27  Siege Tank  
  86  7:30  SCV x2  
  86  7:32  Marine x2  
  86  7:36  Armory  
  90  7:42  SCV x2, Marauder x2  
  96  7:46  Supply Depot  
  96  7:48  Barracks  
  96  7:51  Marine x2  
  96  7:52  SCV  
  96  7:53  Barracks  
  96  7:54  SCV  
  100  8:04  SCV  
  100  8:05  SCV  
  99  8:06  SCV, Siege Tank  
  99  8:07  Medivac x2  
  99  8:11  Marine  
  99  8:12  Marine, Supply Depot  
  108  8:21  SCV x3  
  108  8:23  Marauder x2  
  115  8:28  Terran Infantry Weapons Level 2, Terran Infantry Armor Level 2  
  115  8:33  SCV x2  
  115  8:34  SCV  
  118  8:35  Concussive Shells, Terran Vehicle Weapons Level 1  
  118  8:40  Barracks Reactor  
  114  8:41  Barracks Tech Lab  
  114  8:45  Marine x2, SCV x2  
  114  8:46  SCV  
  119  8:51  Refinery  
  119  8:52  Refinery  
  119  8:54  Missile Turret  
  119  8:57  SCV x2  
  119  8:58  SCV  
  122  9:06  Marauder  
  122  9:08  Supply Depot  
  122  9:09  SCV, Supply Depot  
  125  9:10  Supply Depot  
  125  9:13  Supply Depot  
  125  9:17  Command Center  
  125  9:27  Supply Depot  
  125  9:29  SCV  
  126  9:39  Marine x3, Barracks x2, Marauder x3  
  126  9:40  Supply Depot  
  126  9:41  Barracks  
  135  9:51  Siege Tank  
  138  9:54  Medivac x2  
  142  10:00  Marine x3, Marauder x3  
  142  10:02  Marine  
  151  10:19  Marine  
  151  10:20  Marine x2, Factory  
  154  10:22  Marauder x3  
  154  10:23  Marine  
  154  10:26  Medivac x2, Siege Tank  
  168  10:30  Orbital Command  
  168  10:36  Barracks Reactor, Barracks Tech Lab x2  
  168  10:43  Marine, Marauder x3  
  168  10:47  Marine x2  
  168  10:49  Supply Depot  
  177  10:56  SCV  
  178  10:58  SCV  
  179  11:04  Terran Infantry Armor Level 3, Terran Vehicle Weapons Level 2, Terran Infantry Weapons Level 3  
  179  11:09  SCV  
  180  11:15  Marauder x2  
  184  11:23  Marine, Marauder  
  184  11:24  Marauder x2  
  170  11:25  Marine  
  170  11:27  Marine x3  
  170  11:31  Siege Tank  
  172  11:35  SCV x3  
  172  11:36  Marauder  
  164  11:42  Marine, Marauder  
  164  11:45  Marauder x3  
  165  11:49  Marine x4  
  165  11:50  Marine  
  165  11:51  Factory Tech Lab  
  168  11:58  Supply Depot, Marauder  
  170  12:03  Siege Tank  
  170  12:04  Marauder  
  170  12:05  Command Center  
  170  12:06  Marauder x2  
  170  12:08  Marine, Marauder  
  178  12:10  Marine x4  
  178  12:11  Marine  
  181  12:17  Siege Tank  
  181  12:19  Marauder  
  184  12:24  Medivac x2  
  184  12:27  Marauder  
  184  12:28  Marauder x2  
  184  12:29  Marine  
  190  12:30  Marauder  
  186  12:39  Siege Tank  
  185  12:47  Marauder  
  185  12:48  Marine x4  
  185  12:49  Marine, Marauder x2, Siege Tank  
  192  13:01  Medivac x2  
  192  13:04  Marine, Marauder  
  192  13:05  Marauder  
  198  13:08  Marauder  
  198  13:15  Marine, Marauder x2  
  198  13:19  Marine x3  
  152  13:20  Marine  
  152  13:21  Siege Tank  
  152  13:22  Marine  
  152  13:25  Siege Tank  
  152  13:26  Marauder x2  
  133  13:30  Medivac, Marauder  
  133  13:32  Marine  
  136  13:36  Marauder x2  
  136  13:37  Marine x2  
  136  13:39  Marine  
  136  13:40  Marine  
  142  13:41  Medivac  
  142  13:47  Marauder x2  
  142  13:48  Marine  
  144  13:51  Marauder  
  144  13:54  Marine  
  116  13:58  Marauder x2  
  116  14:01  Medivac, Siege Tank x2  
  116  14:02  Marine  
  129  14:03  Marine  
  129  14:08  Marauder  
  129  14:09  Marauder  
  134  14:10  Orbital Command  
  134  14:11  SCV x2  
  134  14:13  SCV  
  134  14:16  SCV  
  138  14:18  Marine, Marauder  
  138  14:20  Marine  
  138  14:21  Marine  
  143  14:27  Marine  
  143  14:28  Marauder x2  
  148  14:32  SCV x2  
  148  14:33  Siege Tank  
  148  14:37  SCV  
  146  14:38  Marine, Marauder  
  146  14:39  Marauder  
  147  14:48  SCV x2  
  144  14:55  Marine, Marauder x3  
  144  14:59  Marine  
  149  15:00  Marauder x2  
  149  15:01  Marine  
  149  15:02  Marine  
  149  15:03  SCV  
  149  15:04  SCV  
  149  15:05  SCV x3  
  138  15:12  Marine  
  139  15:15  Marine x2, SCV  
  139  15:16  Marauder  
  139  15:17  Marauder  
  139  15:18  Siege Tank  
  149  15:26  Siege Tank  
  152  15:29  Marine, Marauder  
  152  15:30  Marine  
  152  15:31  Marauder  
  152  15:35  Marine  
  158  15:36  Marine  
  158  15:40  Marine, Marauder  
  160  15:43  Marine, Marauder  
  157  15:50  Siege Tank  
  157  15:54  Marine  
  157  15:55  Marauder x3  
  144  15:57  Marine  
  144  16:02  Marauder  
  132  16:08  Marine  
  132  16:09  Marine, Marauder  
  120  16:16  Marauder x2  
  120  16:17  Marauder  
  113  16:22  Siege Tank  
  116  16:26  Marauder  
  117  16:37  Marauder  
  120  16:40  Marine, Marauder  
  119  16:47  Marine  
Tags
 
Add a new tag
Caveats
  • Supply blocks, unpowered buildings, or Contaminate may cause inaccurate times.
  • Supply counts are checked every 10 seconds.